 Dungeon Crawl Stone Soup version 0.24-a0-736-g4e6fe308c7 (webtiles) character file.

Game seed: 14327708225358911625, levelgen mode: deterministic

711374 Peloso the Minotaur Barricade (level 27, -7/270 (273) HPs)
             Began as a Minotaur Fighter on Oct 1, 2019.
             Was an Initiate of Gozag.
             Killed from afar by a hellion (31 damage)
             ... with damnation
             ... on level 3 of Gehenna on Oct 2, 2019.
             The game lasted 04:52:50 (90740 turns).

Peloso the Minotaur Barricade (Minotaur Fighter)   Turns: 90740, Time: 04:52:52

HP:   -7/270 (273)  AC: 46    Str: 51    XL:     27
MP:   23/23         EV: 13    Int: 11    God:    Gozag
Gold: 2828          SH: 27    Dex: 11    Spells: 27/27 levels left

rFire    + + +     SeeInvis +   a - +4 demon blade of the Ten Ships {vamp, Fragile +Fly rElec rF++}
rCold    + . .     Gourm    .   c - +0 shield of Past Mistakes {Slay+2 SInv}
rNeg     + + .     Faith    .   P - +9 scales of the Dragon King {rPois rF+ rC+ MR+}
rPois    +         Spirit   .   p - +0 mask of the Dragon {MR+ Slay+3 SInv}
rElec    +         Reflect  +   V - +2 cloak of Juezaapt {rN++ MR- Str+7}
rCorr    +         Harm     .   l - +0 pair of gloves
MR       ++++.                  m - +2 pair of boots {run}
Stlth    ..........             n - +6 amulet of reflection
HPRegen  0.00/turn              S - ring of Ofasyt {rF+ rCorr Str+4 Int+2}
MPRegen  0.18/turn              o - ring of Ufyrgh {Wiz MR+ Str+7 Int+4 Stlth+}

@: contaminated, non-regenerating, badly diseased, glowing, quick
A: retaliatory headbutt, horns 2
}: 3/15 runes: serpentine, barnacled, silver
a: Potion Petition, Call Merchant, Bribe Branch, Renounce Religion, Evoke Flight


You were on level 3 of Gehenna.
You worshipped Gozag.
Gozag was most pleased with you.
You were not hungry.

You visited 13 branches of the dungeon, and saw 56 of its levels.
You visited the Abyss 1 time.
You visited 1 bazaar.
You also visited: Gauntlet, Wizlab and Desolation.

You collected 33247 gold pieces.
You spent 4196 gold pieces at shops.
You paid 26223 gold pieces to Gozag.

Inventory:

Hand Weapons
 a - the +4 demon blade of the Ten Ships (weapon) {vamp, Fragile +Fly rElec rF++}
   (You found it on level 3 of the Realm of Zot)

   It inflicts no extra harm, but heals its wielder when it wounds a living foe.
   It greatly protects you from fire.
   It insulates you from electricity.
   It lets you fly.
   It will be destroyed if unequipped.
 R - a +6 demon blade of flaming
Armour
 c - the +0 shield of Past Mistakes (worn) {Slay+2 SInv}
   (You found it on level 4 of the Snake Pit)

   It affects your accuracy and damage with ranged weapons and melee attacks
   (+2).
   It lets you see invisible.
 l - a +0 pair of gloves (worn)
 m - a +2 pair of boots of running (worn)
 p - the +0 mask of the Dragon (worn) {MR+ Slay+3 SInv}
   (You found it in the Desolation of Salt)

   It affects your accuracy and damage with ranged weapons and melee attacks
   (+3).
   It affects your resistance to hostile enchantments.
   It lets you see invisible.
 P - the +9 scales of the Dragon King (worn) {rPois rF+ rC+ MR+}
   (You found it on level 1 of the Depths)

   It protects you from fire.
   It protects you from cold.
   It protects you from poison.
   It affects your resistance to hostile enchantments.
 V - the +2 cloak of Juezaapt (worn) {rN++ MR- Str+7}
   (You found it on level 2 of the Lair of Beasts)

   It affects your strength (+7).
   It greatly protects you from negative energy.
   It affects your resistance to hostile enchantments.
Jewellery
 n - a +6 amulet of reflection (around neck)
 o - the ring of Ufyrgh (right hand) {Wiz MR+ Str+7 Int+4 Stlth+}
   (You took it off a minotaur in a Gauntlet)

   [ring of wizardry]

   It improves your spell success rate.
   It affects your strength (+7).
   It affects your intelligence (+4).
   It affects your resistance to hostile enchantments.
   It makes you more stealthy.
 s - the ring of Ezeopsel {rElec Int+4 Dex+6}
   (You took it off a hell knight on level 2 of the Depths)

   [ring of intelligence]

   It affects your intelligence (+4).
   It affects your dexterity (+6).
   It insulates you from electricity.
 x - an uncursed ring of flight
 S - the ring of Ofasyt (left hand) {rF+ rCorr Str+4 Int+2}
   (You found it on level 3 of the Crypt)

   [ring of resist corrosion]

   It affects your strength (+4).
   It affects your intelligence (+2).
   It protects you from fire.
   It provides partial protection from all sources of acid and corrosion.
Wands
 i - a wand of digging (4)
 D - a wand of random effects (23)
 E - a wand of paralysis (17)
 F - a wand of iceblast (42)
Scrolls
 g - 9 scrolls of magic mapping
 k - 9 scrolls of fear
 t - 17 scrolls of identify
 u - 3 scrolls of noise
 w - 12 scrolls of teleportation
 y - 6 scrolls of blinking
 B - 16 scrolls of remove curse
Potions
 d - 12 potions of curing
 e - 6 potions of heal wounds
 j - 5 potions of haste
 q - 4 potions of flight
 G - 5 potions of resistance
 H - 10 potions of agility
 I - 7 potions of might
 J - 5 potions of mutation
 W - 5 potions of berserk rage
Miscellaneous
 C - the horn of Geryon
Comestibles
 f - 18 rations


   Skills:
 O Level 27 Fighting
   Level 1.2(17.4) Short Blades
 O Level 27 Long Blades
 + Level 1.1 Throwing
 O Level 27 Armour
 + Level 8.2 Dodging
 + Level 17.2 Stealth
 O Level 27 Shields
 + Level 1.9 Unarmed Combat
 + Level 0.6 Spellcasting
 + Level 1.5 Evocations


You had 27 spell levels left.
You didn't know any spells.
Your spell library contained the following spells:

 Spells                   Type           Power        Failure   Level  Hunger
 Animate Skeleton         Necr           N/A          34%         1    ##.....
 Apportation              Tloc           #.....       34%         1    ##.....
 Beastly Appendage        Tmut           #.....       34%         1    ##.....
 Confusing Touch          Hex            #.....       34%         1    ##.....
 Corona                   Hex            #......      34%         1    ##.....
 Flame Tongue             Conj/Fire      #....        34%         1    ##.....
 Infusion                 Chrm           #...         34%         1    ##.....
 Pain                     Necr           #...         34%         1    ##.....
 Sandblast                Erth           #.....       34%         1    ##.....
 Summon Butterflies       Summ           #.......     34%         1    ##.....
 Summon Small Mammal      Summ           #...         34%         1    ##.....
 Corpse Rot               Necr           N/A          45%         2    ###....
 Ensorcelled Hibernation  Hex/Ice        #.....       45%         2    ###....
 Passwall                 Tmut/Erth      #.......     45%         2    ###....
 Poisonous Vapours        Pois/Air       #.....       45%         2    ###....
 Shroud of Golubria       Chrm/Tloc      #.....       45%         2    ###....
 Slow                     Hex            #.......     45%         2    ###....
 Song of Slaying          Chrm           #.......     45%         2    ###....
 Sticks to Snakes         Tmut           #.......     45%         2    ###....
 Sublimation of Blood     Necr           #.........   45%         2    ###....
 Throw Flame              Conj/Fire      #.....       45%         2    ###....
 Throw Frost              Conj/Ice       #.....       45%         2    ###....
 Call Canine Familiar     Summ           #.......     69%         3    ####...
 Confuse                  Hex            #.......     69%         3    ####...
 Conjure Flame            Conj/Fire      #.......     69%         3    ####...
 Gell's Gravitas          Tloc           #.........   69%         3    ####...
 Ignite Poison            Fire/Tmut/Pois #.......     69%         3    ####...
 Inner Flame              Hex/Fire       #.......     69%         3    ####...
 Mephitic Cloud           Conj/Pois/Air  #.......     69%         3    ####...
 Ozocubu's Armour         Chrm/Ice       #.......     69%         3    ####...
 Portal Projectile        Hex/Tloc       #.....       69%         3    ####...
 Recall                   Summ/Tloc      N/A          69%         3    ####...
 Regeneration             Chrm/Necr      #.........   69%         3    ####...
 Spectral Weapon          Hex/Chrm       #.......     69%         3    ####...
 Spider Form              Tmut/Pois      #.........   69%         3    ####...
 Static Discharge         Conj/Air       #.......     69%         3    ####...
 Stone Arrow              Conj/Erth      #.....       69%         3    ####...
 Summon Guardian Golem    Hex/Summ       #.......     69%         3    ####...
 Vampiric Draining        Necr           #.........   69%         3    ####...
 Animate Dead             Necr           N/A          97%         4    #####..
 Cause Fear               Hex            #.........   97%         4    #####..
 Force Lance              Conj/Tloc      #.......     97%         4    #####..
 Fulminant Prism          Conj/Hex       #.........   97%         4    #####..
 Ice Form                 Ice/Tmut       #.......     97%         4    #####..
 Iskenderun's Mystic Bla  Conj           #.......     97%         4    #####..
 Leda's Liquefaction      Hex/Erth       #.........   97%         4    #####..
 Petrify                  Tmut/Erth      #.......     97%         4    #####..
 Sticky Flame             Conj/Fire      #.......     97%         4    #####..
 Summon Ice Beast         Ice/Summ       #.......     97%         4    #####..
 Summon Lightning Spire   Summ/Air       #.......     97%         4    #####..
 Throw Icicle             Conj/Ice       #.......     97%         4    #####..
 Agony                    Necr           #.......     100%        5    ######.
 Alistair's Intoxication  Tmut/Pois      #.......     100%        5    ######.
 Aura of Abjuration       Summ           #.........   100%        5    ######.
 Blade Hands              Tmut           #.........   100%        5    ######.
 Bolt of Draining         Conj/Necr      #.........   100%        5    ######.
 Bolt of Magma            Conj/Fire/Erth #.........   100%        5    ######.
 Borgnjor's Vile Clutch   Necr/Erth      #.........   100%        5    ######.
 Dispel Undead            Necr           #.......     100%        5    ######.
 Excruciating Wounds      Chrm/Necr      #.........   100%        5    ######.
 Fireball                 Conj/Fire      #.........   100%        5    ######.
 Irradiate                Conj/Tmut      #.........   100%        5    ######.
 Lee's Rapid Deconstruct  Erth           #.........   100%        5    ######.
 Lightning Bolt           Conj/Air       #.........   100%        5    ######.
 Metabolic Englaciation   Hex/Ice        #.........   100%        5    ######.
 Silence                  Hex/Air        #.........   100%        5    ######.
 Summon Demon             Summ           #.........   100%        5    ######.
 Summon Forest            Summ/Tloc      #.........   100%        5    ######.
 Summon Mana Viper        Hex/Summ       #.......     100%        5    ######.
 Venom Bolt               Conj/Pois      #.........   100%        5    ######.
 Yara's Violent Unravell  Hex/Tmut       #.........   100%        5    ######.
 Bolt of Cold             Conj/Ice       #.........   100%        6    #######
 Bolt of Fire             Conj/Fire      #.........   100%        6    #######
 Conjure Ball Lightning   Conj/Air       #.........   100%        6    #######
 Death Channel            Necr           #.........   100%        6    #######
 Deflect Missiles         Chrm/Air       #.........   100%        6    #######
 Dispersal                Tloc           #.........   100%        6    #######
 Freezing Cloud           Conj/Ice/Air   #.........   100%        6    #######
 Hydra Form               Tmut           #.........   100%        6    #######
 Shadow Creatures         Summ           N/A          100%        6    #######
 Simulacrum               Ice/Necr       #.........   100%        6    #######
 Dragon Form              Tmut           #.........   100%        7    #######
 Ring of Flames           Chrm/Fire      #.........   100%        7    #######
 Summon Hydra             Summ           #.........   100%        7    #######
 Controlled Blink         Tloc           N/A          100%        8    #######
 Disjunction              Tloc           #.........   100%        8    #######
 Ignition                 Fire           #.........   100%        8    #######
 Shatter                  Erth           #.........   100%        9    #######
 Tornado                  Air            #.........   100%        9    #######


Dungeon Overview and Level Annotations

Branches:
Dungeon (15/15)            Temple (1/1) D:5            Lair (6/6) D:8
 Shoals (4/4) Lair:3        Snake (4/4) Lair:2        Slime (0/5) Lair:5
    Orc (2/2) D:9             Elf (3/3) Orc:2        Vaults (5/5) D:14
  Crypt (3/3) Vaults:3       Tomb (0/3) Crypt:3      Depths (5/5) D:15
   Hell (visited)             Dis (0/7) Hell            Geh (3/7) Hell
    Coc (0/7) Hell            Tar (0/7) Hell            Zot (4/5) Depths:5
 WizLab (visited)         Desolation (visited)      Gauntlet (visited)

Altars:
Ashenzari
Cheibriados
Dithmenos
Elyvilon
Fedhas
Gozag
Hepliaklqana
Kikubaaqudgha
Makhleb
Nemelex Xobeh
Okawaru
Qazlal
Ru
Sif Muna
Trog
Uskayaw
Vehumet
Wu Jian
Xom
Yredelemnul
Zin
The Shining One
Beogh
Jiyva
Lugonu

Shops:
D:6 *   D:11 *   D:12 %   D:15 =[   Orc:2 (**[!   Elf:2 [   Lair:1 [*[=%[((
Shoals:1 =   Shoals:2 (   Snake:4 *   Vaults:4 [(([((   Crypt:2 *   Hell [
Depths:1 :}**   Depths:3 }=}   Depths:5 !

Portals:
Hell: Depths:1 Depths:2 Depths:3 Depths:4 Depths:5
Abyss: Depths:2 Depths:4 Depths:5
Pandemonium: Depths:3
Ziggurat: Depths:4
Trove: Vaults:4 (give 12 potions of heal wounds)


Innate Abilities, Weirdness & Mutations

You reflexively headbutt those who attack you in melee.
You have a pair of horns on your head.


Message History

The hellion gestures at you.
The sphere of damnation explodes!
The damnation engulfs you!! The hellion gestures at you.
The sphere of damnation explodes!
The damnation engulfs you!! The hellion gestures at you.
The sphere of damnation explodes!
The damnation engulfs you!!!
* * * LOW HITPOINT WARNING * * *
The hellion gestures at you.
The sphere of damnation explodes!
The damnation engulfs you!!
* * * LOW HITPOINT WARNING * * *
Blink to where?
Press: ? - help, Dir - move target cursor
As you read the scroll of blinking, it crumbles to dust.
The hellion gestures at you.
The sphere of damnation explodes!
The damnation engulfs you!
* * * LOW HITPOINT WARNING * * *
The hellion gestures at you.
The sphere of damnation explodes!
The damnation engulfs you!!
You die...
Your body crumbles into a pile of gold.

######.≈.≈§22.≈
##..##...≈§≈22.§≈≈≈...≈
#...)'$...≈≈≈2≈≈≈5§...≈
###.)))#≈§§..≈§§≈≈5§§....
#.##))##§≈....≈≈§≈2§§....
#..##+#§§§......≈≈....... ####
#.....§.§§......≈≈.......
#..###......§##..####.§.......
....###.....≈##.@## #..§......
.....##.....##§...###..§....≈≈
≈≈≈≈........§≈≈.......§§....≈#
≈§##≈§§.....≈≈§.§..§..§##+#.≈#
≈≈###§.§.>...§§§......## ≈§
§≈§###§≈§...§≈§.§§§§.## ≈ §≈##
###≈≈§§§≈≈≈.§§≈≈# ###
####≈###≈§≈§### # ### ######


You could see 3 hellions.

Vanquished Creatures
  An orb of fire (Zot:3)
  Mennas (Crypt:2)
  An ancient lich (Crypt:3)
  A juggernaut (Depths:5)
  3 greater mummies (Depths:4)
  2 Killer Klowns (Zot:3)
  Bai Suzhen (Vaults:2)
  The ghost of Mehus the Axe Maniac, a veteran MiBe of Trog (Crypt:2)
  Saint Roka (Vaults:1)
  The ghost of Limaib the Bewitcher, a master KoEn of Dithmenos (Depths:1)
  A caustic shrike (Depths:3)
  Xtahua (Vaults:5)
  Geryon (Hell)
  A curse toe (Zot:4)
  6 golden dragons
  Jory (Vaults:2)
  the Enchantress (Depths:3)
  2 bone dragons
  9 liches
  A Cloud Mage (WizLab)
  The ghost of Otoong the Earth Mage, an adept GrEE of Sif Muna (Vaults:3)
  The ghost of Otoong the Earth Mage, an adept GrEE of Sif Muna (Vaults:3)
  9 Brimstone Fiends
  15 tentacled monstrosities
  Rupert (Snake:1)
  9 quicksilver dragons
  4 titans (Vaults:5)
  3 deep elf blademasters
  A deep elf master archer (Elf:3)
  7 death cobs
  A kraken (Shoals:3)
  4 ancient champions (Crypt:2)
  8 sphinxes
  Gastronok (D:10)
  Frances (Shoals:1)
  A tentacled starspawn (Abyss:3)
  6 tengu reavers
  10 shadow dragons
  17 storm dragons
  6 draconian monks
  5 revenants
  Donald (Shoals:4)
  17 nagarajas
  9 fire giants
  11 deep elf sorcerers
  9 frost giants
  3 iron dragons
  16 vault wardens
  3 draconian knights
  A ghost moth (Zot:3)
  2 caustic shrike zombies (Depths:3)
  5 balrugs
  2 imperial myrmidons (Desolation)
  4 draconian scorchers
  4 curse skulls (Crypt:2)
  Aizul (Snake:1)
  Louise (Depths:5)
  9 ghouls
  3 deep elf elementalists
  9 reapers
  4 draconian stormcallers
  4 draconian shifters
  4 spriggan defenders
  2 draconian annihilators
  5 war gargoyles
  3 entropy weavers (Vaults:4)
  16 stone giants
  9 ironheart preservers
  10 very ugly things
  10 green draconians
  2 juggernaut skeletons
  9 deep elf annihilators
  4 vampire knights
  11 deep elf demonologists
  Azrael (Elf:2)
  9 black draconians
  6 red draconians
  A halazid warlock (Desolation)
  16 purple draconians
  A lorocyproca (Hell)
  8 yellow draconians
  7 merfolk javelineers
  12 spark wasps
  A minotaur (Gauntlet)
  7 blizzard demons
  14 ettins
  9 white draconians
  3 quicksilver dragon zombies
  8 death oozes (Depths:1)
  6 crystal guardians
  Snorg (D:10)
  14 merfolk impalers
  5 deep elf death magi
  6 jiangshi
  Josephine (D:12)
  6 deep elf high priests
  5 ragged hierophants (Desolation)
  2 mummy priests (Depths:4)
  13 yaktaur captains
  13 great orbs of eyes
  14 fire dragons
  8 ice dragons
  2 quicksilver dragon skeletons
  4 peacekeepers
  Harold (D:11)
  21 naga warriors
  5 rakshasas
  2 ghost crabs (WizLab)
  32 vault guards
  7 hydras
  A hydra (shapeshifter) (Elf:3)
  4 centaur warriors
  9 spriggan air magi
  A juggernaut simulacrum (Depths:1)
  4 servants of whispers
  Erica (Lair:1)
  3 catoblepae (Lair:6)
  A catoblepas (shapeshifter) (Depths:4)
  18 ogre magi
  A satyr (Shoals:2)
  6 death yaks (Lair:6)
  2 alligator snapping turtles (Shoals:4)
  10 anacondas
  61 two-headed ogres
  5 death knights
  2 anacondas (shapeshifter) (Depths:5)
  6 merfolk aquamancers
  7 deep troll earth magi
  5 tengu warriors
  8 vampire magi
  A two-headed ogre (shapeshifter) (Vaults:1)
  3 titan zombies
  7 deep troll shamans
  13 hell hogs
  16 naga sharpshooters
  Urug (D:9)
  6 spriggan berserkers
  5 titan skeletons
  8 sun demons
  5 thrashing horrors (Abyss:3)
  10 shock serpents
  An iron golem (Geh:2)
  6 soul eaters
  2 wretched stars (Abyss:3)
  23 deep elf knights
  A salamander mystic (Snake:4)
  3 shadow wraiths
  3 iron trolls
  23 skeletal warriors
  45 hell knights
  A sixfirhy (Abyss:3)
  11 sea snakes
  2 storm dragon skeletons (Geh:2)
  3 unseen horrors (shapeshifter)
  2 naga ritualists (Snake:4)
  2 spark wasp zombies
  24 deep trolls
  2 anaconda zombies
  An infernal demonspawn (Depths:3)
  3 death drakes (WizLab)
  3 unseen horrors
  A gelid demonspawn (Depths:3)
  14 flayed ghosts
  9 harpies
  5 golden dragon zombies
  9 phantasmal warriors
  14 ironbrand convokers
  A tengu zombie (Vaults:4)
  The ghost of Johnny the Geomancer, a novice DgEE (D:6)
  19 necromancers
  An obsidian statue (Crypt:2)
  4 anaconda skeletons
  3 frost giant zombies
  A wizard (Depths:3)
  13 deep elf archers
  2 kraken simulacra (Shoals:4)
  2 golden dragon skeletons (Geh:2)
  10 orc knights
  An iron dragon zombie (Geh:1)
  A sphinx zombie (Crypt:1)
  5 mana vipers
  A shadow dragon skeleton (Crypt:3)
  4 wolf spiders
  2 fire giant zombies
  3 fauns (shapeshifter)
  An orb spider (shapeshifter) (Vaults:3)
  A stone giant zombie (Vaults:3)
  10 fauns
  2 orc sorcerers
  A shining eye (shapeshifter) (Depths:1)
  9 salamanders
  7 cyclopes
  A glowing shapeshifter (Vaults:5)
  6 starcursed masses (Abyss:3)
  3 stone giant skeletons (Geh:1)
  18 moths of wrath
  43 ugly things
  2 worldbinders (Abyss:3)
  A fire giant skeleton (Depths:1)
  20 black mambas
  67 deep elf magi
  4 rust devils (Hell)
  14 manticores
  An apocalypse crab (WizLab)
  7 large abominations (Abyss:3)
  A shock serpent zombie (Geh:2)
  A guardian serpent (shapeshifter) (Vaults:1)
  2 iron dragon skeletons
  14 vault sentinels
  9 merfolk sirens
  24 guardian serpents
  An orange demon (Abyss:3)
  A water nymph (shapeshifter) (Vaults:5)
  3 molten gargoyles
  14 elephants
  The ghost of aidenn the Chopper, a novice HOFi (D:6)
  9 smoke demons
  2 ice statues (Hell)
  5 water nymphs
  A gargoyle (D:12)
  22 naga magi
  12 hellions
  10 spiny frogs
  2 emperor scorpion zombies
  2 centaur skeletons
  A minotaur zombie (Gauntlet)
  7 freezing wraiths
  38 yaktaurs
  5 efreet
  A demonic crawler (Hell)
  11 komodo dragons
  A pale draconian zombie (Crypt:2)
  An ice devil (Depths:3)
  A catoblepas zombie (Geh:2)
  2 kobold demonologists
  6 tormentors
  3 tengu conjurers
  2 ancient zymes (Abyss:3)
  14 red devils
  32 merfolk
  A queen bee (Gauntlet)
  18 trolls
  7 wind drakes
  2 queen bees (shapeshifter)
  A hydra zombie (Hell)
  2 polar bears
  A jumping spider (shapeshifter) (Vaults:5)
  A jumping spider (Vaults:4)
  An alligator zombie (Geh:2)
  2 fire dragon zombies
  24 slime creatures
  Grinder (D:4)
  9 raiju (Abyss:3)
  4 small abominations (Abyss:3)
  6 hornets
  46 saltlings
  3 ettin zombies
  A human simulacrum (Vaults:4)
  17 blink frogs
  A bog body (Crypt:2)
  2 hippogriffs (shapeshifter)
  10 dream sheep
  7 snapping turtles
  12 hippogriffs
  A fire giant simulacrum (Hell)
  3 hydra skeletons
  13 air elementals
  A stone giant simulacrum (Vaults:3)
  2 fire dragon skeletons
  3 ice dragon skeletons
  64 flying skulls
  17 shadows
  10 spriggans
  2 ettin skeletons
  52 yaks
  4 vampires
  2 alligator skeletons (Hell)
  3 wyverns
  28 fire elementals
  5 redbacks (Vaults:4)
  A tarantella (shapeshifter) (D:15)
  17 water elementals
  A ynoxinul (Gauntlet)
  26 wraiths
  A yak (shapeshifter) (Vaults:4)
  2 spriggans (shapeshifter)
  2 basilisks (Lair:1)
  11 vampire mosquitoes
  2 neqoxecs
  2 hungry ghosts
  5 humans (D:14)
  A black mamba skeleton (Crypt:3)
  3 chaos spawn
  A merfolk zombie (Crypt:1)
  7 wargs
  56 nagas
  A soldier ant (D:12)
  2 swamp worms (Gauntlet)
  An acid dragon (D:15)
  A hydra simulacrum (Hell)
  A spiny frog zombie (Hell)
  A floating eye (Depths:4)
  A merfolk skeleton (Geh:3)
  10 porcupines
  16 hell hounds
  16 water moccasins
  2 floating eyes (shapeshifter)
  An orb spider zombie (Crypt:1)
  3 ice beasts
  3 sky beasts
  A spiny frog skeleton (Hell)
  4 black bears
  An eye of draining (D:13)
  20 necrophages
  30 orc warriors
  An eye of draining (shapeshifter) (Vaults:3)
  6 phantoms
  2 hornet zombies
  55 ogres
  An ice dragon simulacrum (Depths:1)
  8 boggarts
  6 wolves (Lair:5)
  A swamp dragon zombie (Hell)
  An elf skeleton (Vaults:3)
  17 centaurs
  4 big kobolds
  13 crocodiles
  A human zombie (Vaults:4)
  A hog skeleton (Crypt:1)
  2 earth elementals (Elf:2)
  13 bullfrogs
  2 gnoll sergeants
  A hippogriff skeleton (Crypt:1)
  A wyvern zombie (D:15)
  A yaktaur skeleton (Crypt:1)
  A spiny frog simulacrum (Hell)
  A wyvern skeleton (D:6)
  3 scorpions
  A water moccasin zombie (Crypt:2)
  A cyclops skeleton (Crypt:2)
  12 killer bees
  36 wights
  2 vampire bats (D:4)
  An electric eel (Lair:6)
  5 howler monkeys
  7 crimson imps
  4 centaur zombies
  4 bullfrog zombies
  A quasit (Abyss:3)
  9 hounds
  5 iron imps
  17 orc priests
  3 bullfrog skeletons
  3 jellies
  18 worker ants
  4 iguanas
  26 orc wizards
  A hound skeleton (D:6)
  A hound zombie (D:7)
  12 gnolls
  19 adders
  A howler monkey skeleton (D:9)
  3 shadow imps
  A white imp (Hell)
  4 oozes
  2 adder zombies
  4 worms
  An adder skeleton (D:5)
  4 dart slugs
  7 leopard geckos
  106 orcs
  9 bats
  3 bat skeletons (D:4)
  3 bat zombies (D:4)
  7 giant cockroaches
  10 goblins
  9 hobgoblins
  2 jackals (D:5)
  7 quokkas
  2 ball pythons
  6 frilled lizards
  A goblin skeleton (Crypt:2)
  2 jackal skeletons
  19 kobolds
  A kobold skeleton (Crypt:2)
  2 quokka skeletons
  5 rats
  A fire vortex (Geh:3)
  3 fungi
  10 plants
  2 tentacles (Shoals:4)
2831 creatures vanquished.

Vanquished Creatures (others)
  A deep elf master archer (Elf:3)
  An eldritch tentacle (Geh:2)
  A spark wasp (WizLab)
  A blizzard demon (WizLab)
  2 yaktaur captains
  A centaur warrior (Depths:2)
  2 ghost crabs (WizLab)
  2 spriggan air magi (WizLab)
  26 dancing weapons
  A naga sharpshooter (Snake:3)
  A deep elf knight (Elf:2)
  2 deep elf archers
  4 deep elf magi
  A cyclops (Shoals:4)
  17 yaktaurs
  A large abomination (Abyss:3)
  A merfolk (Shoals:3)
  A naga (Snake:4)
  3 orc warriors
  5 centaurs
  2 wights (Geh:2)
  An orc wizard (D:12)
  An adder (D:7)
  An orc (Vaults:5)
  A goblin (D:9)
  2 demonic plants (Gauntlet)
  2 fungi (Lair:6)
  A lurking horror (Abyss:3)
  8 plants
  9 tentacles
  A withered plant (D:6)
103 creatures vanquished.

Grand Total: 2934 creatures vanquished

Notes
Turn   | Place    | Note
-------+----------+-------------------------------------------
     0 | D:1      | Peloso the Minotaur Fighter began the quest for the Orb.
     0 | D:1      | Reached XP level 1. HP: 19/19 MP: 0/0
    64 | D:1      | Reached XP level 2. HP: 13/27 MP: 1/1
   272 | D:1      | Reached XP level 3. HP: 33/33 MP: 2/2
   963 | D:2      | Reached XP level 4. HP: 40/40 MP: 3/3
  1089 | D:2      | Reached skill level 1 in Dodging
  1162 | D:2      | Noticed an ice beast
  1177 | D:2      | HP: 2/40 [ice beast (8)]
  1178 | D:2      | Killed an ice beast
  1178 | D:2      | Reached XP level 5. HP: 3/47 MP: 4/4
  1185 | D:2      | HP: 2/47 [poisoned by an adder]
  1695 | D:2      | Reached skill level 5 in Armour
  1904 | D:2      | Found a faded altar of an unknown god.
  2176 | D:3      | Found a shadowy altar of Dithmenos.
  2496 | D:4      | Reached XP level 6. HP: 53/53 MP: 5/5
  2701 | D:4      | Reached skill level 5 in Long Blades
  2701 | D:4      | Reached skill level 5 in Shields
  2739 | D:4      | Noticed Grinder
  2754 | D:4      | Paralysed by Grinder for 5 turns
  2771 | D:4      | Killed Grinder
  2771 | D:4      | Reached XP level 7. HP: 33/60 MP: 6/6
  2911 | D:4      | Found an ancient bone altar of Kikubaaqudgha.
  3234 | D:4      | Reached skill level 5 in Fighting
  3249 | D:5      | Entered Level 5 of the Dungeon
  3401 | D:5      | Reached XP level 8. HP: 50/68 MP: 7/7
  3531 | D:5      | Found a staircase to the Ecumenical Temple.
  3573 | Temple   | Entered the Ecumenical Temple
  3755 | D:5      | Noticed a two-headed ogre
  3763 | D:5      | Killed a two-headed ogre
  3797 | D:5      | Reached XP level 9. HP: 62/75 MP: 8/8
  4080 | D:6      | Found Nownafya's Assorted Antiques.
  4135 | D:6      | Reached skill level 1 in Stealth
  4746 | D:6      | Found a runed translucent gate.
  4747 | D:6      | Found a runed translucent gate.
  4747 | D:6      | Found a runed translucent gate.
  4748 | D:6      | Noticed aidenn's ghost (novice HOFi)
  4748 | D:6      | Noticed Johnny's ghost (novice DgEE)
  4895 | D:6      | Reached skill level 10 in Shields
  5301 | D:6      | Reached skill level 10 in Long Blades
  5728 | D:7      | Reached XP level 10. HP: 71/86 MP: 9/9
  6850 | D:8      | Found a staircase to the Lair.
  8204 | D:9      | Reached XP level 11. HP: 50/92 MP: 10/10
  8264 | D:9      | Found a staircase to the Orcish Mines.
  8386 | D:9      | Found a shimmering blue altar of Sif Muna.
  9282 | D:6      | Killed Johnny's ghost
  9306 | D:6      | Killed aidenn's ghost
  9460 | D:10     | Entered Level 10 of the Dungeon
  9579 | D:10     | Noticed a brown ugly thing
  9600 | D:10     | Killed a brown ugly thing
  9916 | D:10     | Noticed Snorg
  9962 | D:10     | Killed Snorg
 10323 | D:10     | Noticed Gastronok
 10356 | D:10     | Killed Gastronok
 10929 | D:11     | Found Fuic's Mayhem Merchandise.
 11183 | D:11     | Noticed a green ugly thing
 11196 | D:11     | Killed a green ugly thing
 11231 | D:11     | Noticed Harold
 11256 | D:11     | Killed Harold
 11434 | D:11     | Reached XP level 12. HP: 75/104 MP: 11/11
 11675 | D:12     | Reached skill level 10 in Armour
 11744 | D:12     | Noticed Josephine
 11762 | D:12     | Killed Josephine
 12262 | D:12     | Found Edaliah's Food Shoppe.
 12527 | Lair:1   | Entered Level 1 of the Lair of Beasts
 12753 | Lair:1   | Reached skill level 15 in Shields
 12818 | Lair:1   | Reached skill level 10 in Fighting
 13349 | Lair:1   | Noticed Erica
 13359 | Lair:1   | Killed Erica
 13853 | Lair:2   | Found a staircase to the Snake Pit.
 14001 | Lair:2   | Got a translucent cloak
 14012 | Lair:2   | Identified the +2 cloak of Juezaapt {rN++ MR- Str+7} (You
                  | found it on level 2 of the Lair of Beasts)
 14295 | Lair:2   | Reached XP level 13. HP: 114/114 MP: 12/12
 15445 | D:13     | Reached skill level 15 in Long Blades
 15705 | Temple   | Became a worshipper of Gozag Ym Sagoz the Greedy
 16345 | Lair:3   | Found a staircase to the Shoals.
 18095 | Lair:5   | Found a viscous altar of Jiyva.
 18096 | Lair:5   | Found a staircase to the Slime Pits.
 18472 | Lair:6   | Entered Level 6 of the Lair of Beasts
 18472 | Lair:6   | Found a sparkling altar of Nemelex Xobeh.
 18844 | Lair:6   | Reached XP level 14. HP: 120/125 MP: 13/13
 21585 | D:14     | Found a gate leading to a gauntlet.
 21607 | Gauntlet | Entered a Gauntlet
 21607 | Gauntlet | Found a transporter.
 21607 | Gauntlet | Found a transporter.
 21607 | Gauntlet | Found a transporter.
 21607 | Gauntlet | Found the +0 pair of fencer's gloves {Riposte Dex+3}
 21608 | Gauntlet | Found a transporter.
 21611 | Gauntlet | Found a transporter.
 21623 | Gauntlet | Found a transporter.
 21689 | Gauntlet | Found a transporter.
 21699 | Gauntlet | Found a transporter.
 21714 | Gauntlet | Found a transporter.
 21733 | Gauntlet | Found a transporter.
 21748 | Gauntlet | Found a transporter.
 21754 | Gauntlet | Found a transporter.
 22103 | Gauntlet | Identified the ring of Ufyrgh {Wiz MR+ Str+7 Int+4 Stlth+}
 22159 | Gauntlet | Got a blackened battleaxe
 22414 | D:14     | Reached XP level 15. HP: 49/135 MP: 14/14
 23289 | D:14     | Got a coiled lead amulet
 23346 | D:14     | Identified the amulet of Niheckuu {Faith +Blink rN+} (You
                  | found it on level 14 of the Dungeon)
 23568 | D:14     | Found a gate to the Vaults.
 23852 | D:15     | Entered Level 15 of the Dungeon
 25145 | D:15     | Found a staircase to the Depths.
 25854 | Orc:1    | Entered Level 1 of the Orcish Mines
 25867 | Orc:1    | Noticed Urug
 25898 | D:9      | Killed Urug
 26059 | Orc:2    | Entered Level 2 of the Orcish Mines
 26640 | Orc:1    | Reached XP level 16. HP: 141/146 MP: 15/15
 26762 | Orc:2    | Found Puhosm's Armour Shop.
 26763 | Orc:2    | Found Qyhextik's General Store.
 26773 | Orc:2    | Found Fuqyahoi's General Store.
 26783 | Orc:2    | Found Inteovi's Antique Weapon Shop.
 26886 | Orc:2    | Found a staircase to the Elven Halls.
 26896 | Orc:2    | Found Sidghy's Distillery.
 26900 | Orc:2    | Bought a potion of might for 68 gold pieces
 27167 | Orc:1    | Found a roughly hewn altar of Beogh.
 27533 | Snake:1  | Entered Level 1 of the Snake Pit
 28412 | Snake:1  | Got a pitted short sword
 28413 | Snake:1  | Identified the +4 short sword of Myaco {pain, +Fly} (You
                  | found it on level 1 of the Snake Pit)
 28541 | Snake:1  | Noticed Aizul
 28557 | Snake:1  | Killed Aizul
 29235 | Snake:1  | Noticed Rupert
 29250 | Snake:1  | Killed Rupert
 30324 | Lair:1   | Bought an ancient chain mail for 294 gold pieces
 30336 | Lair:1   | Identified the +4 chain mail of Zair {Regen+ rCorr MP+9
                  | Int-2} (You bought it in a shop on level 1 of the Lair of
                  | Beasts)
 30509 | Elf:1    | Entered Level 1 of the Elven Halls
 30526 | Elf:1    | Found a ruined gateway.
 30578 | Elf:1    | Identified the cursed +1 battleaxe of Watchfulness {freeze,
                  | +Inv MP+9} (You found it in a Gauntlet)
 30588 | Desolati | Entered the Desolation of Salt
 30643 | Desolati | HP: 1/147 [ragged hierophant/a resonance strike (15)]
 31144 | Desolati | Reached skill level 15 in Fighting
 31166 | Desolati | Found the +0 mask of the Dragon {MR+ Slay+3 SInv}
 31177 | Desolati | Reached skill level 5 in Dodging
 31189 | Desolati | Got a translucent short sword
 31190 | Desolati | Identified the Grimoire of the Creative Birds
 31195 | Desolati | Identified the Disquisition on Hexes and Venom
 31319 | Desolati | Identified the +12 short sword "Spiderslayer" {antimagic,
                  | rPois rN+} (You found it in the Desolation of Salt)
 31859 | Desolati | Reached XP level 17. HP: 105/156 MP: 16/16
 32105 | Desolati | Got an obsidian-studded chain mail
 32116 | Desolati | Identified the +2 chain mail "Xeogoz" {Str+3 SInv} (You
                  | found it in the Desolation of Salt)
 32158 | Desolati | Got a smoking mace
 32159 | Desolati | Identified the +9 mace "Raohuhoi" {drain, rC+ MR+} (You
                  | found it in the Desolation of Salt)
 32180 | Desolati | Got an iridescent hand axe
 32181 | Desolati | Identified the +3 hand axe of the Girdle {venom, *Rage
                  | rPois Str-5 Dex+7} (You found it in the Desolation of Salt)
 32915 | Elf:1    | Identified the Grimoire of Creative Arcane Weapons
 33599 | Elf:2    | Reached skill level 15 in Armour
 33611 | Elf:2    | Found a runed translucent gate.
 33612 | Elf:2    | Found a runed translucent gate.
 33621 | Elf:2    | Noticed Azrael
 33622 | Elf:2    | Cast into level 3 of the Abyss (a deep elf sorcerer)
 33622 | Crypt:1  | Entered Level 1 of the Crypt
 33622 | Abyss:3  | Found a runed translucent door.
 33626 | Abyss:3  | Found a corrupted altar of Lugonu.
 33865 | Abyss:3  | Found a runed translucent door.
 33904 | Abyss:3  | Found a corrupted altar of Lugonu.
 33931 | Abyss:3  | Found a corrupted altar of Lugonu.
 34076 | Abyss:3  | HP: 7/159 [raiju/living lightning (15)]
 34089 | Abyss:3  | HP: 4/159 [smoke demon/divine providence (12)]
 34106 | Abyss:3  | Reached skill level 1 in Short Blades
 34106 | Abyss:3  | Reached skill level 1 in Throwing
 34106 | Abyss:3  | Reached skill level 1 in Unarmed Combat
 34106 | Abyss:3  | Reached skill level 1 in Evocations
 34106 | Abyss:3  | Reached XP level 18. HP: 18/168 MP: 17/17
 34224 | Elf:2    | Escaped the Abyss
 34226 | Elf:2    | HP: 8/168 [Azrael/damnation (20)]
 34467 | Lair:1   | Bought a heavily runed plate armour for 812 gold pieces
 34480 | Lair:1   | Identified the +12 plate armour of Erip {rN++ Dex+6} (You
                  | bought it in a shop on level 1 of the Lair of Beasts)
 34517 | Lair:1   | Bought a bloodstained chain mail for 275 gold pieces
 34530 | Lair:1   | Identified the cursed +1 chain mail of the Shore {rC++}
                  | (You bought it in a shop on level 1 of the Lair of Beasts)
 34537 | Lair:1   | Bought a pair of glowing boots for 217 gold pieces
 34543 | Lair:1   | Identified a +2 pair of boots of running (You bought it in
                  | a shop on level 1 of the Lair of Beasts)
 34783 | Elf:2    | Killed Azrael
 35131 | Elf:2    | Reached XP level 19. HP: 174/174 MP: 18/18
 35487 | Elf:2    | Found a runed translucent gate.
 35782 | Elf:2    | Found Ciusyme's Antique Armour Shop.
 36290 | Elf:3    | Entered Level 3 of the Elven Halls
 37524 | Elf:3    | Identified the +5 rapier of Wiulis {pierce, Int+2}
 37541 | Elf:3    | Identified the +4 war axe of Reqaecs {freeze, MR+ SInv}
 37541 | Elf:3    | Identified the ring of Ojiujo Tiats {*Tele rPois Stlth+}
 37662 | Elf:3    | Identified the +9 short sword "Tuvi" {holy, Int+2 SInv}
 37662 | Elf:3    | Identified the +7 chain mail of the Sailor {Regen+ Int+4}
 37766 | Elf:3    | Identified the +7 flail of the Throat {crush, +Blink Str+4}
 37768 | Elf:3    | Identified the amulet "Fijuz" {RegenMP rF+ MR- Str+3 SInv}
 38012 | Elf:3    | Identified the Grimoire of Lucky Transmigration
 38018 | Elf:3    | Identified the Guide on Creative Beguiling
 38020 | Elf:3    | Identified Sif Muna's Collected Works on Earth and Darkness
 38084 | Elf:3    | Identified the Almanac of Evil
 38781 | Elf:3    | Got a scorched ring mail
 39275 | Elf:3    | Identified the +3 ring mail "Sisania" {+Blink rCorr Str+2}
                  | (You found it on level 3 of the Elven Halls)
 39889 | Snake:2  | Found Koq Joicw's Antique Weapon Emporium.
 39954 | Snake:2  | Reached XP level 20. HP: 183/187 MP: 19/19
 41407 | Snake:3  | Got a warped hand axe
 41408 | Snake:3  | Identified the +6 hand axe of Wariness {venom, Fragile
                  | rElec rC- Int+9} (You found it on level 3 of the Snake Pit)
 41690 | Snake:4  | Entered Level 4 of the Snake Pit
 42312 | Snake:4  | Found Pokoron's Assorted Antiques.
 42355 | Snake:4  | Identified the +0 shield of Past Mistakes {Slay+2 SInv}
 43680 | Snake:4  | Got a serpentine rune of Zot
 44427 | Lair:1   | Upgraded the game from 0.24-a0-725-gf1a930fc54 to
                  | 0.24-a0-736-g4e6fe308c7
 44511 | Shoals:1 | Entered Level 1 of the Shoals
 44511 | Shoals:1 | Found Xirgh's Jewellery Shop.
 44613 | Shoals:1 | Bought the ring "Raysod" {rF+ rC+ Str+3 Int+2} for 626 gold
                  | pieces
 44685 | Shoals:1 | Noticed Frances
 44701 | Shoals:1 | Killed Frances
 45823 | Shoals:2 | Reached XP level 21. HP: 196/196 MP: 20/20
 45935 | Shoals:2 | Found Laffeti's Weapon Emporium.
 47110 | Shoals:3 | Got a wavering turquoise ring
 47112 | Shoals:3 | Identified the ring of Music {rF+ rN+ Dex-5 Slay+2} (You
                  | found it on level 3 of the Shoals)
 47410 | Shoals:4 | Entered Level 4 of the Shoals
 47570 | Shoals:4 | Found a flickering gateway to a bazaar.
 47628 | Bazaar   | Entered a bazaar
 47632 | Bazaar   | Found Axyutas's Book Boutique.
 47657 | Bazaar   | Found Zuwkuss's Gadget Shoppe.
 47674 | Bazaar   | Found Uwkalir's Book Boutique.
 47691 | Bazaar   | Found Pofefao's Magic Scroll Emporium.
 47696 | Bazaar   | Bought a scroll of acquirement for 832 gold pieces
 47696 | Bazaar   | Bought a scroll of brand weapon for 320 gold pieces
 48284 | Shoals:4 | Noticed Donald
 48293 | Shoals:4 | Killed Donald
 48477 | Shoals:4 | Got a barnacled rune of Zot
 49369 | Vaults:1 | Entered Level 1 of the Vaults
 49825 | Vaults:1 | Noticed Saint Roka
 49898 | Vaults:1 | Killed Saint Roka
 50252 | Vaults:1 | Found a sparkling altar of Nemelex Xobeh.
 51081 | Vaults:2 | Noticed Bai Suzhen
 51095 | Vaults:2 | Killed Bai Suzhen
 51133 | Vaults:2 | Reached XP level 22. HP: 190/209 MP: 21/21
 51647 | Vaults:2 | Noticed Jory
 51662 | Vaults:2 | Killed Jory
 51943 | Vaults:2 | Reached skill level 5 in Stealth
 52802 | Vaults:3 | Found a large runed translucent door.
 52802 | Vaults:3 | Found a large runed translucent door.
 52802 | Vaults:3 | Noticed Otoong's ghost (adept GrEE)
 52803 | Vaults:3 | Noticed Otoong's ghost (adept GrEE)
 52854 | Vaults:3 | Killed Otoong's ghost
 52869 | Vaults:3 | Killed Otoong's ghost
 53676 | Vaults:3 | Reached skill level 27 in Shields
 54004 | Vaults:3 | Found a staircase to the Crypt.
 55012 | Vaults:4 | Found Seacsihu's Antique Armour Shop.
 56193 | Vaults:4 | Reached XP level 23. HP: 220/220 MP: 22/22
 56219 | Vaults:4 | Found a portal to a secret trove of treasure.
 57121 | Vaults:5 | Entered Level 5 of the Vaults
 57354 | Vaults:5 | Paralysed by a sphinx for 2 turns
 59548 | Vaults:5 | Got a silver rune of Zot
 59553 | Vaults:5 | Got an ancient bronze amulet
 59554 | Vaults:5 | Identified the amulet "Coicvin" {+Rage rN+ MP+9 Int+4} (You
                  | found it on level 5 of the Vaults)
 59748 | Vaults:5 | Identified the +2 plate armour "Rintopn" {+Blink Int-4
                  | Slay+4}
 59748 | Vaults:5 | Paralysed by a floating eye for 3 turns
 59761 | Vaults:5 | Reached XP level 24. HP: 111/233 MP: 22/22
 60515 | Vaults:5 | Identified the Tome of Virous Changing
 60714 | Vaults:5 | Noticed Xtahua
 60726 | Vaults:5 | Killed Xtahua
 61084 | Vaults:5 | Identified the Compendium of Lucky Combat Magic
 61086 | Vaults:5 | Identified the Grimoire of the Entourage and Necromancy
 62280 | Vaults:5 | Got a faintly humming leather armour
 62281 | Vaults:5 | Identified the +1 leather armour of Action {-Tele +Inv rF+
                  | Str+4 Dex+4} (You found it on level 5 of the Vaults)
 62620 | Crypt:1  | Entered Level 1 of the Crypt
 62648 | Crypt:1  | Found an ancient bone altar of Kikubaaqudgha.
 62724 | Crypt:1  | Identified the Almanac of Black Rituals
 63421 | Crypt:2  | Found a runed translucent gate.
 63422 | Crypt:2  | Found a runed translucent gate.
 63423 | Crypt:2  | Found a runed translucent gate.
 63423 | Crypt:2  | Found an opulent altar of Gozag.
 63425 | Crypt:2  | Found Muop's Assorted Antiques.
 63425 | Crypt:2  | Noticed Mehus's ghost (veteran MiBe)
 63503 | Crypt:2  | Found a magical portal.
 65100 | WizLab   | Identified Sif Muna's Almanac of the Nexus
 66457 | Crypt:2  | Noticed Mennas
 66485 | Crypt:2  | Killed Mennas
 66594 | Crypt:2  | Killed Mehus's ghost
 66839 | Crypt:3  | Entered Level 3 of the Crypt
 67026 | Crypt:3  | Reached XP level 25. HP: 234/244 MP: 22/22
 67282 | Crypt:3  | Found a basalt altar of Yredelemnul.
 67282 | Crypt:3  | Noticed an ancient lich
 67286 | Crypt:3  | Killed an ancient lich
 67327 | Crypt:3  | Got a scintillating silver ring
 67328 | Crypt:3  | Identified the ring of Ofasyt {rF+ rCorr Str+4 Int+2} (You
                  | found it on level 3 of the Crypt)
 67647 | Crypt:3  | Found a staircase to the Tomb.
 69058 | Shoals:3 | You fall into a shaft and drop 1 floor!
 69313 | Snake:1  | You fall into a shaft and drop 1 floor!
 69515 | Snake:4  | Bought a potion of heal wounds for 200 gold pieces
 69515 | Snake:4  | Bought a potion of heal wounds for 200 gold pieces
 71823 | Vaults:3 | You fall into a shaft and drop 1 floor!
 72028 | Depths:1 | Entered Level 1 of the Depths
 72264 | Depths:1 | Found a shattered altar of Ashenzari.
 72305 | Depths:1 | Found a gateway to Hell.
 72418 | Depths:1 | Found Xuisow's General Store.
 72418 | Depths:1 | Found Ulusen's Book Shoppe.
 72419 | Depths:1 | Found Zaimutze's Gadget Shoppe.
 72421 | Depths:1 | Found Cujis's Assorted Antiques.
 72517 | Depths:1 | Found a runed translucent gate.
 72518 | Depths:1 | Found a runed translucent gate.
 72519 | Depths:1 | Found a runed translucent gate.
 72522 | Depths:1 | Found a viscous altar of Jiyva.
 72522 | Depths:1 | Noticed Limaib's ghost (master KoEn)
 72523 | Depths:1 | Found the +9 scales of the Dragon King {rPois rF+ rC+ MR+}
 72566 | Depths:1 | Killed Limaib's ghost
 72626 | Depths:1 | Got a heavily runed granite ring
 72647 | Depths:1 | Identified the ring "Yrureca" {*Slow rElec MR+ Int+3} (You
                  | found it on level 1 of the Depths)
 73686 | Depths:2 | Found a one-way gate to the infinite horrors of the Abyss.
 73914 | Depths:2 | Identified the ring "Lezxia" {rElec rN+}
 73914 | Depths:2 | Identified the ring "Migics" {rF+ MP+9}
 73915 | Depths:2 | Identified the ring "Weoreuhe" {+Blink rN+ Int+3 SInv}
 74892 | Depths:2 | Identified the ring of Ezeopsel {rElec Int+4 Dex+6}
 75081 | Depths:3 | Noticed the Enchantress
 75100 | Depths:3 | Killed the Enchantress
 75139 | Depths:3 | Reached XP level 26. HP: 224/258 MP: 22/22
 75350 | Depths:3 | Found a one-way gate leading to the halls of Pandemonium.
 76241 | Depths:3 | Found Eqaupak's Gadget Shoppe.
 76241 | Depths:3 | Found Inaot's Jewellery Boutique.
 76311 | Depths:3 | Found Ynnisez's Gadget Shoppe.
 76697 | Depths:4 | Found a gateway to a ziggurat.
 77037 | Depths:4 | Noticed a greater mummy
 77641 | Depths:4 | Noticed a greater mummy
 77662 | Depths:4 | Noticed a greater mummy
 77666 | Depths:4 | Killed a greater mummy
 78046 | Depths:4 | Found a corrupted altar of Lugonu.
 78231 | Depths:4 | Killed a greater mummy
 78745 | Depths:4 | Killed a greater mummy
 78972 | Depths:4 | Found the +7 sceptre of Torment {pain, torment}
 79099 | Depths:5 | Entered Level 5 of the Depths
 79179 | Depths:5 | Reached skill level 27 in Long Blades
 79424 | Depths:5 | Noticed Louise
 79433 | Depths:5 | Killed Louise
 79455 | Depths:5 | Noticed a juggernaut
 79471 | Depths:5 | Killed a juggernaut
 79471 | Depths:5 | Reached skill level 27 in Fighting
 79504 | Depths:5 | Reached XP level 27. HP: 251/266 MP: 22/22
 79722 | Depths:5 | Found Sifugh's Distillery.
 79730 | Depths:5 | Bought a potion of heal wounds for 80 gold pieces
 79730 | Depths:5 | Bought a potion of ambrosia for 128 gold pieces
 79730 | Depths:5 | Bought a potion of berserk rage for 80 gold pieces
 79730 | Depths:5 | Bought a potion of might for 64 gold pieces
 79826 | Depths:5 | Found a gate to the Realm of Zot.
 79954 | Depths:5 | Got a crude pewter ring
 79984 | Depths:5 | Identified the ring of Ojiygg {Fire Str+2} (You found it on
                  | level 5 of the Depths)
 80304 | Depths:3 | Got a distressingly furry buckler
 80315 | Depths:3 | Identified the +1 buckler of Yredelemnul's Reproof {rF+
                  | Dex+4 Slay-6} (You found it on level 3 of the Depths)
 81083 | Hell     | Entered the Vestibule of Hell
 81083 | Hell     | Noticed Geryon
 81137 | Hell     | Killed Geryon
 81609 | Hell     | Found a gateway to the decaying netherworld of Tartarus.
 81804 | Hell     | Found a gateway to the freezing wastes of Cocytus.
 81959 | Hell     | Found a gateway to the Iron City of Dis.
 82058 | Hell     | Found a gateway to the ashen valley of Gehenna.
 82335 | Zot:1    | Entered Level 1 of the Realm of Zot
 83488 | Zot:2    | Got a pitted scythe
 83489 | Zot:2    | Identified the +10 scythe "Suttiet" {flame, rElec} (You
                  | found it on level 2 of the Realm of Zot)
 83759 | Zot:2    | You fall into a shaft and drop 1 floor!
 83798 | Zot:3    | Reached skill level 10 in Stealth
 83851 | Zot:3    | Noticed an orb of fire
 83872 | Zot:3    | Killed an orb of fire
 85273 | Zot:3    | Got a warped demon blade
 85276 | Zot:3    | Identified the +4 demon blade of the Ten Ships {vamp,
                  | Fragile +Fly rElec rF++} (You found it on level 3 of the
                  | Realm of Zot)
 85568 | Zot:4    | Reached skill level 27 in Armour
 86630 | Geh:1    | Entered Level 1 of Gehenna
 87803 | Geh:2    | Reached skill level 15 in Stealth
 90401 | Geh:3    | HP: 2/259 [hellion/damnation (15)]
 90740 | Geh:3    | Killed from afar by a hellion

Levels and vault maps discovered:
D:1:      erik_arrival_gehennom, layout_loops_ring
D:2:      layout_basic, chequers_ecumenical_altar_grove
D:3:      layout_rooms, kennysheep_nondescript, grunt_dithmenos_smoke
D:4:      layout_loops_ring, kennysheep_vampire_church, first_ration,
          uniq_grinder
D:5:      layout_rooms, minmay_temple_entry_arrows
D:6:      minmay_razor_zed, layout_basic, serial_shops, shop,
          gammafunk_ghost_cemetery, kennysheep_generic_room_4
D:7:      layout_basic, the_bakery
D:8:      layout_basic, grunt_lair_entry_orc_guard_hut
D:9:      layout_big_octagon, erik_orc_4, led_sif_pool
D:10:     layout_roguey, uniq_snorg, uniq_gastronok
D:11:     layout_loops_ring, minmay_shop_mayhem, uniq_harold
D:12:     layout_roguey, serial_shops, shop, uniq_josephine
D:13:     layout_grid_maze, hex_large
D:14:     layout_irregular_city, ximxim_vaults_locker_room, minivault_19,
          gauntlet_entry_generic
D:15:     grunt_enter_depths_magical_seal, layout_stronghold,
          serial_column_ruins, column_ruins_open_tiny, column_ruins_grid_3,
          column_ruins_open_medium, column_ruins_grid_3, column_ruins_open_tiny,
          column_ruins_open_tiny, roderic_serpentine_path, minmay_librarian
Temple:   kilobyte_greek_temple
Lair:1:   layout_gridlike, uniq_erica
Lair:2:   layout_chaotic_city, guppyfry_snake_entry_garden
Lair:3:   layout_chaotic_city, elwin_shoals_entry_rooms
Lair:4:   layout_cave_pods
Lair:5:   layout_loops_ring, dpeg_slime_entry_enclosed_altar
Lair:6:   evilmike_catoblepas_cave, layout_long_grid, basic_altar,
          serial_bayou_ford_a, chequers_serial_rivers_micro_a
Shoals:1: layout_shoals, serial_shops, shop, nicolae_shoals_mertower,
          uniq_frances
Shoals:2: layout_shoals, serial_shops, shop
Shoals:3: layout_shoals
Shoals:4: shoals_end_grunt_ice, layout_shoals, serial_shops, bzr_entry_gold,
          uniq_donald
Snake:1:  layout_chambers, hangedman_snake_corridor_cut, uniq_aizul, uniq_rupert
Snake:2:  nicolae_snake_hallway, layout_basic, serial_shops, shop, drop_trap,
          eino_curves_03
Snake:3:  layout_chambers
Snake:4:  snake_hunt, layout_cave_town, serial_shops, shop,
          nicolae_snake_single_loop, grunt_megastairs_3, lemuel_fruit_tree
Orc:1:    layout_caves, basic_altar, uniq_urug
Orc:2:    st_orc_open, layout_diamond_mine, serial_shops, shop
Elf:1:    layout_geoelf_octagon, portal_desolation_entry_nicolae_nacl,
          minmay_elf_sorcery
Elf:2:    layout_loops_cross, serial_shops, nicolae_shop_stone, uniq_azrael
Elf:3:    elf_hall, layout_rooms
Vaults:1: hangedman_vaults_stretched_pinwheel, v_alt_pattern_3,
          ontoclasm_vaults_ring_square, vaults_dpeg_spiral,
          nicolae_vaults_stairing_the_circle, vaults_dpeg_doors,
          nicolae_vaults_little_squares_5, ontoclasm_vaults_ring_large,
          vaults_room_fours, vaults_standard_mumra_lines, ontoclasm_vaults_eye,
          layout_vaults_ring, basic_altar, uniq_saint_roka
Vaults:2: hangedman_vaults_trim, vaults_room_pools, ontoclasm_vaults_hangar,
          hangedman_vaults_maws, hangedman_vaults_capsules,
          ontoclasm_vaults_spin, hangedman_vaults_trim,
          layout_vaults_chaotic_city, uniq_jory, uniq_bai_suzhen
Vaults:3: advil_vaults_ghost_guards, minmay_crypt_entry_simple_plaza, v_misc_13,
          nicolae_vaults_little_squares_1, nicolae_vaults_ninety_degrees,
          v_pattern_5, vaults_room_hangedman_quadrants,
          nicolae_vaults_circle_grid_a, v_misc_27, v_misc_3,
          ontoclasm_vaults_ring_small, layout_vaults_omnigrid
Vaults:4: v_misc_33, vaults_room_pool, vaults_room_door_ring, vaults_dpeg_cross,
          nicolae_vaults_disjoint_gnomons, vaults_room_grid,
          nicolae_vaults_back_hallway, v_misc_12, v_misc_24,
          nicolae_vaults_gold_heap, layout_vaults_maze_snakey, serial_shops,
          nicolae_shop_trees, enter_trove_2
Vaults:5: uniq_xtahua
Crypt:1:  layout_gridlike, st_stairs_4, weyrava_vampire_temple,
          grunt_crypt_arrival_split
Crypt:2:  layout_chaotic_city, mu_enter_wizlab_7, ebering_ghost_gozag,
          uniq_mennas
Crypt:3:  cryptofortress_bobbens
Depths:1: layout_basic, hell_entry, gammafunk_ghost_ooze,
          minmay_misc_feat_enclosed, grunt_ministairs_2,
          chequers_serial_rivers_room_b, ashenzari_altar_1, minmay_shoptagon,
          serial_bayou_shore_a
Depths:2: minmay_the_grid_triangle_9x9_recursive_2
          [minmay_the_grid_triangle_9x9_prize_special,
          minmay_the_grid_triangle_9x9_zippers_horizontal,
          minmay_the_grid_triangle_9x9_stretched_checkered,
          minmay_the_grid_triangle_9x9_longest], layout_basic,
          grunt_hell_entry_dis_old, hangedman_decor_opposing, abyss_entry,
          statue_in_the_mist_lemuel, infiniplex_staircase_trident
Depths:3: minmay_tri_box, layout_basic, hangedman_coc_ice_floe,
          rand_demon_pan_entry_8, infiniplex_staircase_zigzag_5,
          minmay_shop_grove, uniq_enchantress
Depths:4: minmay_guarded_unrand_sceptre_of_torment, layout_long_grid,
          enter_ziggurat_f, hell_entry, abyss_entry_flame_altar,
          minmay_fractal_squares_gapless_7, infiniplex_staircase_spiral
Depths:5: grunt_twist_and_shout, layout_basic, minmay_misc_feat_five,
          hell_entry, nicolae_abyss_entry_one_way_or_another, serial_shops,
          nicolae_shop_stone, minmay_misc_feat_ornament, minmay_misc_feat_plants
Hell
Geh:1:    layout_gehenna_pools_basic
Geh:2:    layout_gehenna_lava_caves
Geh:3:    layout_gehenna_lava_caves, lemuel_hellion_isle
Zot:1:    layout_concentric_octagons
Zot:2:    layout_twisted_circle
Zot:3:    layout_basic
Zot:4:    kennysheep_spiral_hall, layout_misc_corridors

Skill      XL: |  1  2  3  4  5  6  7  8  9 10 11 12 13 14 15 16 17 18 19 20 21 22 23 24 25 26 27 |
---------------+----------------------------------------------------------------------------------+-----
Fighting       | 4 5 6 7 9 10 11 13 14 15 16 17 18 19 21 22 24 25 27 | 27.0
Shields        | 4 5 6 8 10 12 14 15 17 18 20 21 22 23 25 26 27 | 27.0
Armour         | 4 5 6 7 8 9 10 11 12 13 14 15 16 17 19 20 22 27 | 27.0
Long Blades    | 3 4 6 8 10 11 13 14 15 16 17 18 19 20 21 22 23 24 26 27 | 27.0
Dodging        | 1 2 3 4 5 6 7 8 |  8.2
Stealth        | 1 2 3 4 5 6 7 8 17 | 17.2
Short Blades   | 1 |  1.2
Throwing       | 1 |  1.1
Unarmed Combat | 1 |  1.9
Evocations     | 1 |  1.5
Spellcasting   | |  0.6

Action                   |  1- 3 |  4- 6 |  7- 9 | 10-12 | 13-15 | 16-18 | 19-21 | 22-24 | 25-27 || total
-------------------------+-------+-------+-------+-------+-------+-------+-------+-------+-------++-------
Melee: Long sword        |    88 |   158 |   414 |  1170 |  1261 |       |       |       |       ||  3091
       Headbutt          |    11 |    21 |    89 |   277 |   445 |   236 |   526 |   514 |   914 ||  3033
       Scimitar          |       |       |       |       |    46 |       |     7 |       |       ||    53
       Double sword      |       |       |       |       |   115 |   767 |  1504 |  1357 |   139 ||  3882
       Unarmed           |       |       |       |       |       |       |    11 |       |       ||    11
       Demon blade       |       |       |       |       |       |       |       |       |  2423 ||  2423
Invok: Call Merchant     |       |       |       |       |       |     6 |     2 |     2 |     6 ||    16
Evoke: Wand              |       |       |       |       |     5 |       |     1 |       |     8 ||    14
  Use: Potion            |       |     2 |     1 |     3 |     1 |    16 |     1 |     4 |     4 ||    32
       Scroll            |       |     8 |     6 |     1 |    17 |    12 |     9 |     7 |    24 ||    84
 Stab: Distracted        |       |       |       |       |     6 |     3 |    16 |    12 |    25 ||    62
       Paralysed         |       |       |       |       |       |       |       |     1 |       ||     1
  Eat: Chunk             |       |     6 |    10 |    20 |     4 |       |       |       |       ||    40
       Ration            |       |       |       |     3 |    11 |     8 |    14 |    15 |    21 ||    72
Armor: Scale mail        |    44 |    61 |    20 |       |       |       |       |       |       ||   125
       Skin              |       |     7 |       |       |       |       |       |       |       ||     7
       Plate armour      |       |       |   148 |   280 |   521 |    55 |   464 |   431 |    71 ||  1970
       Chain mail        |       |       |       |       |       |   139 |       |       |       ||   139
       Gold dragon scale |       |       |       |       |       |       |       |       |   755 ||   755
Dodge: Dodged            |    25 |    58 |    76 |   177 |   297 |   169 |   349 |   321 |   555 ||  2027
Block: Shield            |    46 |    93 |   432 |  1014 |  1513 |   802 |  1803 |  1546 |  2555 ||  9804
       Reflection        |       |       |     7 |    36 |    35 |    46 |   240 |    98 |   113 ||   575
       Rpst.: Long sword |     7 |    18 |    19 |    52 |    41 |       |       |       |       ||   137
       Double sword      |       |       |       |       |    12 |    36 |    43 |    57 |     6 ||   154
       Demon blade       |       |       |       |       |       |       |       |       |    66 ||    66

Table legend:
 A = Non-vault XP
 B = Vault XP
 C = Vault XP percentage of total XP
 D = Non-vault monster count
 E = Vault monster count
 F = Vault count percentage of total count
                 A         B        C        D         E       F
            +---------+---------+-------+---------+---------+-------
      Total | 1093488 |  779121 |  41.6 |    1975 |     909 |  31.5
            +---------+---------+-------+---------+---------+-------
        D:1 |      78 |      18 |  18.8 |      29 |       5 |  14.7
        D:2 |     216 |       0 |   0.0 |      24 |       0 |   0.0
        D:3 |      66 |       0 |   0.0 |      15 |       0 |   0.0
        D:4 |     321 |     391 |  54.9 |      15 |       9 |  37.5
        D:5 |    1895 |       0 |   0.0 |      25 |       0 |   0.0
        D:6 |    1233 |    1807 |  59.4 |      28 |      14 |  33.3
        D:7 |    1160 |     220 |  15.9 |      28 |       1 |   3.4
        D:8 |    2126 |     818 |  27.8 |      41 |       6 |  12.8
        D:9 |    1475 |    1352 |  47.8 |      25 |      17 |  40.5
       D:10 |    2765 |    3361 |  54.9 |      30 |       2 |   6.2
       D:11 |    2473 |     981 |  28.4 |      20 |       1 |   4.8
       D:12 |    6984 |    2123 |  23.3 |      49 |       6 |  10.9
       D:13 |    8791 |       0 |   0.0 |      38 |       0 |   0.0
       D:14 |   14231 |    7849 |  35.5 |      49 |      12 |  19.7
       D:15 |   10600 |    9596 |  47.5 |      26 |      13 |  33.3
     Lair:1 |    1879 |     939 |  33.3 |       7 |       1 |  12.5
     Lair:2 |    4221 |     480 |  10.2 |      19 |       3 |  13.6
     Lair:3 |    5083 |       0 |   0.0 |      24 |       0 |   0.0
     Lair:4 |    8060 |       0 |   0.0 |      23 |       0 |   0.0
     Lair:5 |    4336 |       0 |   0.0 |      16 |       0 |   0.0
     Lair:6 |   14328 |   11562 |  44.7 |      49 |      23 |  31.9
   Shoals:1 |    7544 |    7242 |  49.0 |      16 |       7 |  30.4
   Shoals:2 |   14765 |       0 |   0.0 |      29 |       0 |   0.0
   Shoals:3 |   14454 |       0 |   0.0 |      28 |       0 |   0.0
   Shoals:4 |   14704 |   27775 |  65.4 |      38 |      35 |  47.9
    Snake:1 |   12192 |   12789 |  51.2 |      25 |      18 |  41.9
    Snake:2 |   18201 |    6633 |  26.7 |      33 |      16 |  32.7
    Snake:3 |   15018 |       0 |   0.0 |      29 |       0 |   0.0
    Snake:4 |   24370 |   40555 |  62.5 |      42 |      44 |  51.2
      Orc:1 |    3628 |    8727 |  70.6 |      33 |      17 |  34.0
      Orc:2 |    1537 |    7061 |  82.1 |      26 |      20 |  43.5
      Elf:1 |   17397 |   10818 |  38.3 |      28 |      16 |  36.4
      Elf:2 |   16227 |   30061 |  64.9 |      26 |      39 |  60.0
      Elf:3 |   18906 |   38895 |  67.3 |      26 |      26 |  50.0
   Vaults:1 |   18050 |   20860 |  53.6 |      33 |      34 |  50.7
   Vaults:2 |   24421 |   27319 |  52.8 |      45 |      25 |  35.7
   Vaults:3 |   25274 |   36960 |  59.4 |      37 |      35 |  48.6
   Vaults:4 |   38635 |   52342 |  57.5 |      61 |      47 |  43.5
   Vaults:5 |   19181 |  103302 |  84.3 |      26 |      66 |  71.7
    Crypt:1 |   27229 |    4835 |  15.1 |      45 |       8 |  15.1
    Crypt:2 |   34444 |   24139 |  41.2 |      49 |       9 |  15.5
    Crypt:3 |       0 |   63391 | 100.0 |       0 |      89 | 100.0
   Depths:1 |   34609 |   19108 |  35.6 |      52 |      20 |  27.8
   Depths:2 |   44262 |   14584 |  24.8 |      60 |      13 |  17.8
   Depths:3 |   36335 |   27717 |  43.3 |      41 |      22 |  34.9
   Depths:4 |   43727 |   35867 |  45.1 |      52 |      15 |  22.4
   Depths:5 |   60309 |   22037 |  26.8 |      54 |      14 |  20.6
       Hell |   17169 |   21297 |  55.4 |      24 |      33 |  57.9
      Geh:1 |   41933 |       0 |   0.0 |      67 |       0 |   0.0
      Geh:2 |   55789 |       0 |   0.0 |     123 |       0 |   0.0
      Geh:3 |   36006 |    5344 |  12.9 |      59 |       6 |   9.2
      Zot:1 |   42948 |       0 |   0.0 |      28 |       0 |   0.0
      Zot:2 |   50997 |       0 |   0.0 |      28 |       0 |   0.0
      Zot:3 |   77606 |       0 |   0.0 |      43 |       0 |   0.0
      Zot:4 |   69516 |    7863 |  10.2 |      37 |       4 |   9.8
    Abyss:3 |   23784 |       0 |   0.0 |      52 |       0 |   0.0
     WizLab |       0 |   21960 | 100.0 |       0 |      33 | 100.0
 Desolation |       0 |   34821 | 100.0 |       0 |      68 | 100.0
   Gauntlet |       0 |    3322 | 100.0 |       0 |      17 | 100.0
            +---------+---------+-------+---------+---------+-------
